 Dungeon Crawl Stone Soup version 0.15.1-3-g1b33baa (webtiles) character file.

83405 Psiweapon the Spry (level 16, -2/105 (106) HPs)
             Began as a Kobold Abyssal Knight on Oct 10, 2014.
             Was the Champion of Lugonu.
             Slain by a ghost moth (6 damage)
             ... on Level 5 of the Spider Nest on Oct 12, 2014.
             The game lasted 04:45:07 (39159 turns).

Psiweapon the Spry (Kobold Abyssal Knight)         Turns: 39159, Time: 04:45:08

HP  -2/105 (106) AC  9     Str 10 (11) XL: 16   Next: 24%
MP   0/32        EV 29     Int 10 (11) God: Lugonu [******]
Gold 1549        SH  0     Dex 22      Spells:  3 memorised,  7 levels left

rFire  . . .     SeeInvis .     q - +1 short sword (vamp)
rCold  . . .     Clarity  .     Z - +1 leather armour {rPois}
rNeg   . . .     rCorr    .     (no shield)
rPois  +         rRot     .     k - +2 hat
rElec  .         Spirit   +     e - +0 cloak
SustAb .         Warding  .     o - +1 pair of gloves
rMut   .         Stasis   .     (no boots)
Gourm  .                        O - amulet of guardian spirit
MR     +....                    s - +3 ring of dexterity
                                i - ring of stealth

@: somewhat resistant to hostile enchantments, very stealthy
A: horns 1, carnivore 3, dopey 1, robust 1, slow healing 1
a: Depart the Abyss, Bend Space, Banish, Corrupt, Enter the Abyss, Renounce
Religion


You were on level 5 of the Spider Nest.
You worshipped Lugonu.
Lugonu was exalted by your worship.
You were not hungry.

You visited 4 branches of the dungeon, and saw 29 of its levels.
You visited the Abyss 1 time.

You collected 2487 gold pieces.
You spent 938 gold pieces at shops.

Inventory:

Hand weapons
 a - the +7 cutlass "Wafuphil" {venom, +Fly rC- Str+2 Dex+3}
   (You found it on level 4 of the Dungeon)

   It poisons the flesh of those it strikes.
   It affects your strength (+2).
   It affects your dexterity (+3).
   It makes you vulnerable to cold.
   It lets you fly.
 b - a +0 blowgun
 q - a +1 vampiric short sword (weapon)
 S - a +9 triple crossbow of evasion
Missiles
 d - 78 bolts
 f - 28 poisoned needles
 l - 2 curare-tipped needles
Armour
 e - a +0 cloak (worn)
 k - a +2 hat (worn)
 o - a +1 pair of gloves (worn)
 Z - a +1 leather armour of poison resistance (worn)
Magical devices
 h - a wand of paralysis (12) {unknown}
 n - a wand of polymorph (10)
 A - a wand of heal wounds (0)
 B - a wand of cold (1)
 J - a wand of magic darts (11)
 L - a wand of invisibility (4)
 M - a wand of confusion (11)
 R - a wand of lightning (7) {unknown}
 V - a wand of fire (2)
Comestibles
 C - 11 meat rations
Scrolls
 t - 2 scrolls of magic mapping
 u - a scroll of recharging
 v - 6 scrolls of remove curse
 w - 6 scrolls of fog
 x - 2 scrolls of blinking {unknown}
 z - a scroll of brand weapon {unknown}
 E - a scroll of enchant weapon
 F - 3 scrolls of vulnerability
 G - 2 scrolls of fear
Jewellery
 g - a +3 ring of evasion
 i - a ring of stealth (left hand)
 p - an uncursed ring of fire
 s - a +3 ring of dexterity (right hand)
 H - an uncursed ring of teleportation
 N - an uncursed ring of positive energy
 O - an amulet of guardian spirit (around neck)
 X - an uncursed ring of protection from cold
Potions
 j - a potion of magic
 m - 2 potions of haste
 r - 6 potions of restore abilities
 D - 2 potions of cancellation
 I - a potion of heal wounds
 K - 7 potions of curing
 P - a potion of flight
 Q - 2 potions of confusion {unknown}
 U - 2 potions of agility
 W - 5 potions of brilliance
 Y - 2 potions of might
Miscellaneous
 T - a phial of floods
Rods
 c - a +0 lightning rod (12/12)
   (You found it on level 4 of the Spider Nest)
 y - a +1 rod of destruction (12/12)
   (You found it on level 3 of the Lair of Beasts)


   Skills:
 - Level 10.2 Fighting
 - Level 11.4 Short Blades
 + Level 12.8 Crossbows
 - Level 7.4 Throwing
 - Level 0.7 Armour
 - Level 15.2 Dodging
 - Level 10.0 Stealth
 - Level 6.0 Summonings
 + Level 14.5 Invocations
 - Level 7.3 Evocations


You had 7 spell levels left.
You knew the following spells:

 Your Spells              Type           Power        Failure   Level  Hunger
a - Call Imp              Summ           ##......     6%          2    ###....
b - Call Canine Familiar  Summ           ##......     12%         3    ####...
c - Regeneration          Chrm/Necr      #.........   92%         3    ####...


Dungeon Overview and Level Annotations

Branches:
Dungeon (12/15)            Temple (0/1) D:5             Orc (4/4) D:11
    Elf (0/3) Orc:3          Lair (8/8) D:11         Shoals (0/5) Lair:3
 Spider (5/5) Lair:4        Slime (0/6) Lair:6

Altars:
Ashenzari
Cheibriados
Dithmenos
Kikubaaqudgha
Makhleb
Nemelex Xobeh
Qazlal
Trog
Xom
Yredelemnul
Beogh
Jiyva

Shops:
D:5 =   Orc:2 *   Orc:3 }   Orc:4 *%%*

Annotations:
Abyss:1 Duvessa, Menkaure, Sigmund


Innate Abilities, Weirdness & Mutations

You are small and have problems with some larger weapons.
You are carnivorous and can eat meat at any time.
You have a pair of small horns on your head.
You are dopey. (Int -2)
You are robust (+10% HP).
You heal slowly when monsters are visible.


Message History

You hit something but do no damage. You headbutt something.
Something hits you but does no damage. Something misses you.
Something closely misses you.
You hit something. Something misses you. Something hits you!
* * * LOW HITPOINT WARNING * * *
Something stings you.
* * * LOW HITPOINT WARNING * * *
You closely miss something. You headbutt something. You closely miss something.
Something misses you. Something hits you!
* * * LOW HITPOINT WARNING * * *
Something completely misses you.
Drink which item? (? for menu, Esc to quit)
Okay, then.
Evoke which item? (* to show all) (? for menu, Esc to quit)
Zapping:
A - a wand of heal wounds {zapped: 9}
Press: ? - help, Shift-Dir - straight line, f - you Nothing appears to happen.
Something misses you. Something hits you!
* * * LOW HITPOINT WARNING * * *
Something stings you.
You die...

**,,,,,..?,,,,,,****,,,,,
*,,,.........,,,**,**,,,,
*,,,,....^....,,,*,,**,,,
**,,,.........#,,*,,,**,,
**,*,..........,,,,,,**,
*####.......#.,,,,,,,**
#............,,,,,,,,*
##............,,,,,,,,
#....@..?.....,,,,*,,,
#^..<^.......(,,,,,,,,
#####........,,,,,*,,,
***,,,###......,,,,,*,,,
****,**,,,,,......,,,,,*,,,
*,,,,,*,,,,,(....,,,,,,*,,,
**,,,,***,,<,...,,,,,,,*,,,
**,,,,,,,,,,..,,,,,,,,*,,,
*,,,,,,,,,,,,,,,,,,,,,,,*


There were no monsters in sight!

Vanquished Creatures
  An emperor scorpion (Spider:4)
  Snorg (Lair:5)
  Fannar (Lair:2)
  Harold (Lair:3)
  2 hydras (Lair:8)
  An orc high priest (Orc:4)
  A catoblepas (Lair:6)
  8 orb spiders
  An unseen horror (D:11)
  4 griffons
  Pikel (D:8)
  12 wolf spiders
  2 red wasps
  2 hill giants (D:11)
  A manticore (Lair:3)
  An ugly thing (D:11)
  A cyclops (D:12)
  A moth of wrath (Spider:2)
  An elephant (Lair:7)
  An item mimic (D:11)
  3 black mambas
  4 torpor snails
  An iron devil (D:11)
  8 komodo dragons
  5 spiny frogs
  2 orange demons (D:11)
  11 demonic crawlers
  18 jumping spiders
  A fire drake (Lair:2)
  A troll (shapeshifter) (Spider:3)
  3 trolls
  A polar bear (Lair:7)
  5 slime creatures
  2 blink frogs (Lair:8)
  3 basilisks
  3 boulder beetles
  A deep elf mage (D:9)
  17 tarantellas
  40 redbacks
  3 water elementals (D:12)
  53 yaks
  A hell beast (D:11)
  3 wyverns
  Eustachio (D:5)
  17 trapdoor spiders
  3 wargs
  2 steam dragons
  A soldier ant (D:12)
  5 wolves
  2 hungry ghosts
  Edmund (D:8)
  8 hippogriffs
  9 porcupines
  20 water moccasins
  2 slaves (D:8)
  A necrophage (D:10)
  19 orc warriors
  2 yellow wasps
  7 sky beasts
  A black bear (D:9)
  5 ogres
  An ice beast (Lair:2)
  2 phantoms
  6 centaurs
  A big kobold (D:8)
  15 spiders
  2 boring beetles (Spider:1)
  7 crocodiles
  6 giant frogs
  A gnoll sergeant (D:9)
  5 jellies
  6 scorpions
  3 eyes of draining
  9 killer bees
  2 electric eels
  A wight (D:12)
  Dowan (D:5)
  A goliath beetle (D:5)
  9 crimson imps
  4 quasits
  13 hounds
  A centaur skeleton (D:10)
  3 iron imps (D:11)
  26 orc priests
  10 iguanas
  Natasha (thrice) (D:3)
  31 orc wizards
  9 worker ants
  20 sheep
  Ijyb (D:2)
  Terence (D:3)
  25 adders
  9 gnolls
  68 green rats
  A shadow imp (D:10)
  2 orc skeletons (D:8)
  A white imp (D:3)
  2 worms
  7 giant geckos
  6 oozes
  142 orcs
  18 bats
  5 giant cockroaches
  28 goblins
  22 hobgoblins
  20 kobolds
  A giant gecko skeleton (D:6)
  6 giant newts
  3 giant spores
  10 jackals
  A kobold zombie (D:7)
  2 orc zombies (D:9)
  11 quokkas
  13 rats
  41 ballistomycetes
  3 plants
986 creatures vanquished.

Vanquished Creatures (collateral kills)
  A water moccasin (Lair:1)
1 creature vanquished.

Vanquished Creatures (others)
  An acid blob (Lair:8)
  The ghost of Psiweapon the Champion of Chaos, a powerful DDNe of Makhleb (Spider:1)
  Rupert (Lair:5)
  An emperor scorpion (Spider:4)
  6 death oozes (Lair:8)
  9 great orbs of eyes (Lair:8)
  2 hydras
  A death yak (Lair:7)
  2 orc high priests
  A thrashing horror (Lair:8)
  A spatial maelstrom (Lair:8)
  A large abomination (Lair:8)
  A hill giant (D:8)
  A necromancer (Spider:2)
  2 orc sorcerers (Orc:4)
  A sixfirhy (Lair:8)
  A black mamba (Lair:8)
  A griffon (Lair:3)
  A torpor snail (Lair:3)
  A smoke demon (Lair:8)
  5 spiny frogs
  A jumping spider (Spider:1)
  3 blink frogs (Lair:8)
  A flying skull (Lair:8)
  A yak (D:9)
  A neqoxec (Lair:8)
  A deep elf mage (D:9)
  A porcupine (Lair:5)
  4 small abominations
  A slave (D:8)
  2 ice beasts
  A centaur (D:5)
  A giant frog (Lair:5)
  2 crimson imps
  2 starcursed masses (Lair:8)
  A jelly (Lair:8)
  2 orc priests
  An iron imp (Lair:3)
  2 adders (Lair:8)
  10 green rats (Lair:8)
  A shadow imp (Lair:7)
  A white imp (Lair:8)
  8 ufetubi
  7 oozes (Lair:8)
  4 giant spores
  2 ballistomycetes
  8 fungi
  8 plants (Lair:8)
  10 starspawn tentacles
  146 starspawn tentacle segments
274 creatures vanquished.

Grand Total: 1261 creatures vanquished

Notes
Turn   | Place    | Note
--------------------------------------------------------------
     0 | Abyss:1  | Psiweapon, the Kobold Abyssal Knight, began the quest for the Orb.
     0 | Abyss:1  | Reached XP level 1. HP: 14/14 MP: 1/1
    19 | D:1      | Escaped the Abyss
   239 | D:1      | Reached skill level 1 in Stealth
   261 | D:1      | Reached XP level 2. HP: 16/19 MP: 2/2
   530 | D:1      | Acquired Lugonu's second power
   743 | D:1      | Reached XP level 3. HP: 16/23 MP: 3/5
  1251 | D:1      | Reached XP level 4. HP: 28/28 MP: 7/7
  1406 | D:2      | Noticed Sigmund
  1521 | D:2      | Noticed Ijyb
  1568 | D:2      | Killed Ijyb
  1760 | D:3      | Noticed Natasha
  1775 | D:3      | Killed Natasha
  1775 | D:3      | Reached skill level 4 in Invocations
  1775 | D:3      | Reached XP level 5. HP: 10/32 MP: 9/9
  2147 | D:4      | Found a shadowy altar of Dithmenos.
  2193 | D:4      | Acquired Lugonu's third power
  2318 | D:4      | Got a polished cutlass
  2319 | D:4      | Identified the +7 cutlass "Wafuphil" {venom, +Fly rC- Str+2 Dex+3} (You found it on level 4 of the Dungeon)
  2447 | D:4      | Found a shimmering altar of Xom.
  2511 | D:4      | Found a snail-covered altar of Cheibriados.
  2544 | D:4      | Reached XP level 6. HP: 10/37 MP: 11/11
  2650 | D:4      | Reached skill level 5 in Stealth
  2650 | D:4      | Reached skill level 5 in Invocations
  2853 | D:5      | Entered Level 5 of the Dungeon
  2853 | D:5      | Noticed Eustachio
  3024 | D:5      | Reached skill level 6 in Stealth
  3153 | D:5      | Found a stormy altar of Qazlal.
  3175 | D:5      | Noticed a sky beast
  3185 | D:5      | Killed a sky beast
  3185 | D:5      | Reached XP level 7. HP: 32/41 MP: 13/15
  3304 | D:5      | Noticed an ice beast
  3310 | D:5      | Banished an ice beast
  3310 | D:5      | Reached skill level 7 in Stealth
  3375 | D:5      | Killed Eustachio
  3400 | D:5      | Reached XP level 8. HP: 42/46 MP: 18/18
  3407 | D:5      | Found a sparkling altar of Nemelex Xobeh.
  3428 | D:5      | Reached skill level 8 in Stealth
  3461 | D:5      | Found a staircase to the Ecumenical Temple.
  3530 | D:5      | Found Bouzozya's Jewellery Emporium.
  3621 | D:5      | Noticed Menkaure
  3623 | D:5      | Banished Menkaure
  3668 | D:5      | Noticed Dowan
  3669 | D:5      | Noticed Duvessa
  3672 | D:5      | Banished Duvessa
  3678 | D:5      | Killed Dowan
  3797 | D:6      | Reached skill level 9 in Stealth
  4950 | D:6      | Found a bloodstained altar of Trog.
  5499 | D:7      | Found an ancient bone altar of Kikubaaqudgha.
  5499 | D:7      | Found a burning altar of Makhleb.
  5593 | D:7      | Reached skill level 10 in Stealth
  5819 | D:7      | Reached XP level 9. HP: 45/51 MP: 20/20
  6058 | D:7      | Reached skill level 5 in Short Blades
  6657 | D:8      | Noticed Pikel
  6678 | D:8      | Killed Pikel
  6780 | D:8      | Reached skill level 10 in Invocations
  7048 | D:8      | Reached XP level 10. HP: 46/56 MP: 23/23
  7065 | D:8      | Gained mutation: You are robust (+10% HP). [mutagenic meat]
  7066 | D:8      | Gained mutation: You have a pair of small horns on your head. [mutagenic meat]
  7067 | D:8      | Gained mutation: You heal slowly when monsters are visible. [mutagenic meat]
  7229 | D:8      | Acquired Lugonu's fourth power
  7341 | D:8      | Found a shattered altar of Ashenzari.
  7341 | D:8      | Noticed Edmund
  7363 | D:8      | Killed Edmund
  7820 | D:8      | Noticed a hill giant
  7823 | D:8      | Banished a hill giant
  7823 | D:8      | Reached skill level 11 in Invocations
  8195 | D:3      | Noticed Natasha
  8201 | D:3      | Killed Natasha
  8205 | D:3      | Noticed Natasha
  8216 | D:3      | Killed Natasha
  8261 | D:3      | You fall through a shaft!
  8504 | D:3      | Noticed Terence
  8507 | D:3      | Killed Terence
  8676 | D:2      | Banished Sigmund
  9148 | D:2      | Acquired Lugonu's fifth power
  9822 | D:9      | Reached skill level 10 in Short Blades
 10901 | D:9      | Reached XP level 11. HP: 66/66 MP: 26/26
 10910 | D:9      | Found a basalt altar of Yredelemnul.
 10922 | D:9      | Reached skill level 12 in Invocations
 11307 | D:10     | Entered Level 10 of the Dungeon
 11642 | D:10     | Reached skill level 5 in Dodging
 12269 | D:10     | Reached skill level 1 in Throwing
 13020 | D:11     | Found a staircase to the Lair.
 13101 | D:11     | Found a burning altar of Makhleb.
 13147 | Lair:1   | Entered Level 1 of the Lair of Beasts
 13211 | Lair:1   | Reached skill level 5 in Throwing
 14134 | Lair:1   | Reached XP level 12. HP: 48/69 MP: 21/27
 14241 | Lair:1   | Noticed an eight-headed hydra
 14248 | Lair:1   | Banished an eight-headed hydra
 14721 | Lair:1   | Learned a level 2 spell: Call Imp
 15070 | Lair:1   | Reached skill level 1 in Summonings
 15397 | Lair:2   | Reached skill level 10 in Dodging
 15696 | Lair:2   | Noticed Fannar
 15795 | Lair:2   | Killed Fannar
 16717 | Lair:3   | Reached skill level 5 in Fighting
 16994 | Lair:3   | Reached skill level 5 in Summonings
 17048 | Lair:3   | Noticed Harold
 17055 | Lair:3   | Killed Harold
 17239 | Lair:3   | Found a staircase to the Shoals.
 17406 | Lair:3   | Identified a +1 rod of destruction (12/12) (You found it on level 3 of the Lair of Beasts)
 17494 | Lair:3   | Reached skill level 1 in Evocations
 18013 | Lair:4   | Found a hole to the Spider Nest.
 18027 | Lair:4   | Reached XP level 13. HP: 48/82 MP: 18/28
 19024 | Lair:5   | Noticed Snorg
 19026 | Lair:5   | Reached skill level 5 in Evocations
 19031 | Lair:5   | Killed Snorg
 19380 | Lair:5   | Noticed Rupert
 19386 | Lair:5   | Corrupted Lair:5
 19386 | Lair:5   | Noticed a tentacled starspawn
 19386 | Lair:5   | Noticed a white very ugly thing
 19386 | Lair:5   | Noticed a great orb of eyes
 19386 | Lair:5   | Noticed a tentacled starspawn
 19386 | Lair:5   | Noticed a grey draconian annihilator
 19391 | Lair:5   | Killed Rupert
 20271 | Lair:6   | Found a viscous altar of Jiyva.
 20271 | Lair:6   | Found a staircase to the Slime Pits.
 21759 | Lair:7   | Got a crystal short sword
 21762 | Lair:7   | Identified the +4 short sword "Blinuded" {slice, Str+4 Int+2} (You found it on level 7 of the Lair of Beasts)
 21885 | Lair:7   | Reached skill level 10 in Fighting
 22292 | Lair:7   | Reached skill level 1 in Crossbows
 22838 | Lair:8   | Entered Level 8 of the Lair of Beasts
 23302 | Lair:8   | Reached skill level 13 in Invocations
 23435 | Lair:8   | Reached XP level 14. HP: 81/95 MP: 24/30
 24381 | Lair:8   | Found a viscous altar of Jiyva.
 24381 | Lair:8   | Noticed a death ooze
 24381 | Lair:8   | Noticed an acid blob
 24381 | Lair:8   | Noticed a great orb of eyes
 24381 | Lair:8   | Noticed a great orb of eyes
 24381 | Lair:8   | Noticed a great orb of eyes
 24381 | Lair:8   | Noticed a great orb of eyes
 24381 | Lair:8   | Noticed a death ooze
 24381 | Lair:8   | Noticed a great orb of eyes
 24381 | Lair:8   | Noticed a death ooze
 24381 | Lair:8   | Noticed a great orb of eyes
 24384 | Lair:8   | Corrupted Lair:8
 24384 | Lair:8   | Noticed a starcursed mass
 24384 | Lair:8   | Noticed a death ooze
 24384 | Lair:8   | Noticed a tentacled starspawn
 24384 | Lair:8   | Noticed a bone dragon
 24386 | Lair:8   | Killed a great orb of eyes
 24387 | Lair:8   | Killed a death ooze
 24391 | Lair:8   | Killed a great orb of eyes
 24393 | Lair:8   | Killed a death ooze
 24394 | Lair:8   | Killed an acid blob
 24395 | Lair:8   | Killed a death ooze
 24398 | Lair:8   | Killed a death ooze
 24400 | Lair:8   | Killed a great orb of eyes
 24402 | Lair:8   | Killed a death ooze
 24406 | Lair:8   | Killed a great orb of eyes
 24412 | Lair:8   | Banished a great orb of eyes
 24412 | Lair:8   | Killed a great orb of eyes
 24414 | Lair:8   | Killed a death ooze
 24415 | Lair:8   | Killed a great orb of eyes
 24416 | Lair:8   | Killed a starcursed mass
 24416 | Lair:8   | Killed a starcursed mass
 24417 | Lair:8   | Killed a great orb of eyes
 24418 | Lair:8   | Killed a great orb of eyes
 24838 | Lair:1   | Learned a level 3 spell: Call Canine Familiar
 25011 | D:11     | Noticed a hill giant
 25043 | D:11     | Killed a hill giant
 25043 | D:11     | Reached skill level 5 in Crossbows
 25057 | D:11     | Noticed a white ugly thing
 25127 | D:11     | Killed a white ugly thing
 25140 | D:11     | Killed an unseen horror
 25347 | D:11     | Noticed a hill giant
 25355 | D:11     | Killed a hill giant
 25576 | D:11     | Found a staircase to the Orcish Mines.
 25677 | Orc:1    | Entered Level 1 of the Orcish Mines
 25837 | Orc:2    | Found Ogiriqij's Assorted Antiques.
 25873 | Orc:2    | Bought a glowing triple crossbow for 340 gold pieces
 26389 | Orc:3    | Found Qoiloit's Gadget Boutique.
 27107 | Orc:3    | Found a staircase to the Elven Halls.
 27327 | Orc:4    | Entered Level 4 of the Orcish Mines
 27555 | Orc:4    | Paralysed by an orc sorcerer for 7 turns
 27827 | Orc:4    | Paralysed by an orc sorcerer for 2 turns
 27918 | Orc:4    | Gained mutation: You are dopey. (Int -2) [a neqoxec]
 27923 | Orc:4    | Reached skill level 14 in Invocations
 28223 | Orc:4    | Found Mycy's General Store.
 28230 | Orc:4    | Found Reabap's Food Emporium.
 28230 | Orc:4    | Found Niecieq's Assorted Antiques.
 28248 | Orc:4    | Found Gran's Food Shoppe.
 28306 | Orc:4    | Bought a gilded ring for 160 gold pieces
 28327 | Orc:4    | Bought a scroll of identify for 64 gold pieces
 28624 | Orc:4    | Found a roughly hewn altar of Beogh.
 29597 | Orc:2    | Bought a scroll of identify for 68 gold pieces
 29597 | Orc:2    | Bought a scroll of identify for 68 gold pieces
 29597 | Orc:2    | Bought a scroll of identify for 68 gold pieces
 29597 | Orc:2    | Bought 3 scrolls labeled BYRGHO CEC GUOBB for 102 gold pieces
 29597 | Orc:2    | Bought a scroll of identify for 68 gold pieces
 29964 | Spider:1 | Entered Level 1 of the Spider Nest
 30111 | Spider:1 | Noticed Psiweapon's ghost (powerful DDNe)
 30113 | Spider:1 | Banished Psiweapon's ghost
 30680 | Spider:1 | Reached XP level 15. HP: 100/100 MP: 31/31
 31793 | Spider:2 | Reached skill level 10 in Crossbows
 35239 | Lair:1   | Learned a level 3 spell: Regeneration
 35342 | D:12     | Got a steaming chain mail
 35421 | D:12     | Noticed a sphinx
 35424 | D:12     | Noticed a frost giant
 36313 | Lair:1   | Identified the -4 chain mail of Divine Intervention {+Inv} (You found it on level 12 of the Dungeon)
 36959 | Spider:4 | Noticed an emperor scorpion
 36976 | Spider:4 | Killed an emperor scorpion
 37018 | Spider:4 | Reached skill level 15 in Dodging
 37533 | Spider:4 | Reached XP level 16. HP: 69/105 MP: 28/32
 37775 | Spider:4 | Noticed an emperor scorpion
 37785 | Spider:4 | Banished an emperor scorpion
 39127 | Spider:5 | Entered Level 5 of the Spider Nest
 39159 | Spider:5 | HP: 4/105 [something (10)]
 39159 | Spider:5 | Slain by a ghost moth

Action                   |  1- 3 |  4- 6 |  7- 9 | 10-12 | 13-15 | 16-18 || total
-------------------------+-------+-------+-------+-------+-------+-------++-------
Melee: Short sword       |    33 |    98 |    25 |    21 |   140 |    50 ||   367
       Cutlass           |       |    34 |   175 |   688 |  1251 |   114 ||  2262
       Dagger            |       |       |       |    12 |    28 |       ||    40
       Hand crossbow     |       |       |       |       |     1 |       ||     1
       Blowgun           |       |       |       |       |     3 |       ||     3
 Fire: Hunting sling     |    81 |    75 |   112 |    60 |       |       ||   328
       Blowgun           |       |       |       |   254 |   249 |       ||   503
       Hand crossbow     |       |       |       |       |   168 |       ||   168
       Triple crossbow   |       |       |       |       |   348 |    24 ||   372
Throw: Stone             |     5 |     5 |     1 |     5 |       |       ||    16
       Throwing net      |       |       |       |     1 |     3 |       ||     4
       Tomahawk          |       |       |       |     1 |     1 |       ||     2
 Cast: Call Imp          |       |       |       |     4 |     5 |       ||     9
       Call Canine Famil |       |       |       |       |     2 |       ||     2
Invok: Bend Space        |     6 |     1 |     2 |    54 |    86 |     2 ||   151
       Banish            |       |     2 |     6 |    12 |    32 |     6 ||    58
       Corrupt           |       |       |       |       |     2 |       ||     2
 Abil: Evoke Flight      |       |       |       |       |     3 |       ||     3
Evoke: Wand              |       |       |       |    36 |    23 |     2 ||    61
       Rod               |       |       |       |     1 |    16 |     5 ||    22
  Use: Scroll            |       |       |     5 |    11 |    29 |     1 ||    46
       Potion            |       |       |       |     3 |     6 |       ||     9
 Stab: Sleeping          |       |     3 |     7 |    75 |    57 |     2 ||   144
       Distracted        |       |       |     1 |     6 |    15 |     1 ||    23
       Confused          |       |       |       |     5 |     3 |       ||     8
       Held in net/web   |       |       |       |       |     1 |       ||     1
  Eat: Chunk             |     1 |     2 |    15 |    45 |   103 |    11 ||   177
       Meat ration       |       |     1 |       |       |       |       ||     1
       Pizza             |       |       |       |       |     2 |       ||     2
